 Dungeon Crawl Stone Soup version 0.27-a0-819-g058290f16d (webtiles) character file.

Game seed: 8692020093565316806

56321 dickylongcocking the Thaumaturge (level 14, -2/151 HPs)
             Began as a Djinni Fire Elementalist on Mar 30, 2021.
             Was the Champion of Makhleb.
             Killed by sonic wave
             ... invoked by a +7 Singing Sword {vorpal, sonic wave}
              (9 damage)
             ... on level 2 of the Orcish Mines.
             The game lasted 00:45:54 (31107 turns).

dickylongcocking the Thaumaturge (DjFE)            Turns: 31107, Time: 00:45:54

Health: -2/151     AC: 12    Str:  8    XL:     14   Next: 81%
Gold:   427        EV: 13    Int: 22    God:    Makhleb [******] SH: 11 Dex: 16

rFire    + + +     SeeInvis .   u - +2 long sword (venom)
rCold    + . .     Faith    .   s - +0 kite shield
rNeg     . . .     Spirit   .   F - +0 ring mail {rC+}
rPois    ∞         Reflect  .   d - +2 hat {Int+3}
rElec    .         Harm     .   P - +1 cloak {rC+}
rCorr    .         Rampage  .   (no gloves)
Will     +....                  (boots unavailable)
Stlth    ..........             z - amulet of regeneration
HPRegen  1.35/turn              c - ring of protection from cold
MPRegen  0.00/turn              I - ring of fire

@: mighty, berserking, flying, studying 2 skills, very quick
A: fire resistance 2, cold vulnerability 1, float, innate caster, hp casting,
extra vitality 1
a: Renounce Religion, Minor Destruction, Lesser Servant of Makhleb, Major
Destruction, Greater Servant of Makhleb


You were on level 2 of the Orcish Mines.
You worshipped Makhleb.
Makhleb was exalted by your worship.
You visited 4 branches of the dungeon, and saw 20 of its levels.
You also visited: Bailey and Ice Cave.

You collected 1641 gold pieces.
You spent 1214 gold pieces at shops.

Inventory:

Hand Weapons
 e - a +1 dagger of protection
 p - a +3 short sword of holy wrath
 u - a +2 long sword of venom (weapon)
Armour
 a - a +0 robe
 d - a +2 hat of intelligence (worn)
 o - a +2 cloak
 s - a +0 kite shield (worn)
 y - a +1 buckler
 D - the +4 ring mail "Zagrepn" {Str+2}
   (You found it on level 4 of the Lair of Beasts)

   It affects your strength (+2).
 F - a +0 ring mail of cold resistance (worn)
 P - a +1 cloak of cold resistance (worn)
Magical Staves
 l - a staff of poison
 B - a staff of cold
Jewellery
 c - a ring of protection from cold (left hand)
 f - a ring of see invisible
 g - an amulet of guardian spirit
 z - an amulet of regeneration (around neck)
 I - a ring of fire (right hand)
 L - a ring of protection from cold
 O - a ring of ice
Wands
 q - a wand of random effects (52)
 G - a wand of digging (2)
 H - a wand of flame (50)
 M - a wand of iceblast (9)
 R - a wand of mindburst (11)
Scrolls
 i - a scroll of summoning
 k - 10 scrolls of teleportation
 n - a scroll of enchant weapon
 r - 2 scrolls of immolation
 x - 2 scrolls of vulnerability
 A - 3 scrolls of noise
 C - 2 scrolls of holy word
 N - a scroll of silence
Potions
 b - 4 potions of curing {unknown}
 j - 3 potions of resistance
 m - 7 potions of mutation
 t - 5 potions of magic
 v - 10 potions of degeneration
 w - 4 potions of berserk rage
 E - 2 potions of might
 J - 3 potions of flight
 K - 3 potions of cancellation


   Skills:
 - Level 9.3 Fighting
 - Level 6.1 Long Blades
 - Level 11.0 Armour
 - Level 9.9 Dodging
 - Level 7.4 Stealth
 * Level 9.4 Shields
 - Level 11.2 Spellcasting
 * Level 11.0 Evocations


You couldn't memorise any spells.
You knew the following spells:

 Your Spells              Type           Power      Damage    Failure   Level
a - Foxfire               Conj/Fire      100%       2x1d9     1%          1
b - Conjure Flame         Conj/Fire      75%        6-21      1%          3
c - Inner Flame           Hex/Fire       75%        N/A       1%          3
d - Sticky Flame          Conj/Fire      75%        2d9       2%          4
e - Fireball              Conj/Fire      37%        3d15      7%          5
f - Shock                 Conj/Air       100%       1d9       1%          1
g - Poisonous Vapours     Pois/Air       100%       N/A       1%          2
h - Dazzling Flash        Conj/Hex       100%       N/A       1%          3
i - Static Discharge      Conj/Air       57%        N/A       1%          3
j - Silence               Hex/Air        28%        N/A       7%          5
k - Lee's Rapid Deconstr  Erth           28%        3d16*     7%          5
Your spell library was empty.

Dungeon Overview and Level Annotations

Branches:
Dungeon (11/15)            Temple (1/1) D:4            Lair (6/6) D:11
  Swamp (0/4) Lair:2       Spider (0/4) Lair:3        Slime (0/5) Lair:6
    Orc (2/2) D:9          Bailey (visited)           IceCv (visited)
    Elf: Orc:2

Altars:
Ashenzari
Cheibriados
Dithmenos
Elyvilon
Fedhas
Gozag
Hepliaklqana
Kikubaaqudgha
Makhleb
Nemelex Xobeh
Okawaru
Qazlal
Ru
Sif Muna
Trog
Uskayaw
Vehumet
Wu Jian
Xom
Yredelemnul
Zin
The Shining One
Beogh
Jiyva

Shops:
D:1 *   D:4 :   D:5 :   D:9 *   Orc:2 [


Innate Abilities, Weirdness & Mutations

You are immune to poison.
Your flesh is very heat resistant. (rF++)
You are vulnerable to cold. (rC-)
You float through the air rather than walking.
You learn spells naturally, not from books.
Your magical power is your life essence.
You have superior vitality. (+4 HP)


Message History

Okay, then.
Found a stone staircase leading up.
There is a stone staircase leading up here.
You fly upwards.
There is a stone staircase leading down here.
Unknown command.
You start resting.
Your magical contamination has completely faded away.
You start resting.
HP restored.
Okay, then.
You feel very mighty all of a sudden.
Unknown command.
You fly downwards.
The +7 Singing Sword {vorpal, sonic wave} hits you!
The +7 Singing Sword {vorpal, sonic wave} hits you!!
There is a stone staircase leading up here.
Unknown command.
Unknown command.
A red film seems to cover your vision as you go berserk!
You feel yourself moving faster!
You feel mighty!
The +7 Singing Sword {vorpal, sonic wave} hits you but does no damage.
Unknown command.
Unknown command.
You miss the +7 Singing Sword {vorpal, sonic wave}.
The +7 Singing Sword {vorpal, sonic wave} hits you!!
The +7 Singing Sword {vorpal, sonic wave} closely misses you.
You riposte.
You miss the +7 Singing Sword {vorpal, sonic wave}.
Unknown command.
You barely miss the +7 Singing Sword {vorpal, sonic wave}.
The +7 Singing Sword {vorpal, sonic wave} hits you!!
* * * LOW HITPOINT WARNING * * *
x2 Unknown command.
Unknown command.
The +7 Singing Sword {vorpal, sonic wave} hits you!!
* * * LOW HITPOINT WARNING * * *
x2 The Singing Sword tells you about its plans for a grandiose opera.
The +7 Singing Sword {vorpal, sonic wave} sends a blast of sound all around you!
You die...

..)†......##...#.....
.)#.......###..........
.).........#..........<
..........#......##...#
.................#...#
....................#
....................#
...........#.....#.##
................@(..#
.................#.##
............#.###...#
.............## #.##
.... .....#.. ## ...
......# ..... ...


You could see a +7 Singing Sword {vorpal, sonic wave}.

Vanquished Creatures
  A reaper (IceCv)
  An ettin (Orc:1)
  6 hydras
  Fannar (D:9)
  A merfolk avatar (Lair:6)
  A death yak (Lair:6)
  An orc high priest (Orc:1)
  2 two-headed ogres
  A sea snake (Lair:6)
  2 lindwurms (Lair:6)
  A harpy (Lair:6)
  4 orc knights
  Pikel (D:6)
  An oklob plant (Lair:4)
  An orc sorcerer (D:9)
  8 elephants
  4 black mambas
  2 ice statues (IceCv)
  20 cane toads
  Maurice (Orc:1)
  A torpor snail (Lair:6)
  6 rime drakes
  An unseen horror (D:10)
  7 komodo dragons
  8 ice devils (IceCv)
  6 polar bears
  3 trolls
  A wind drake (Lair:6)
  14 blink frogs
  A dream sheep (Lair:3)
  2 hornets
  A redback (Lair:3)
  6 wyverns
  31 yaks
  5 basilisks
  4 steam dragons
  Menkaure (D:7)
  4 wargs
  An acid dragon (D:9)
  18 water moccasins
  Duvessa (D:6)
  26 orc warriors
  A swamp drake (D:9)
  5 sky beasts
  3 ice beasts
  A black bear (D:5)
  5 ogres
  5 centaurs
  5 wolves (Lair:2)
  A lemure (D:6)
  A kobold brigand (D:7)
  9 bullfrogs
  A gnoll sergeant (Orc:2)
  4 scorpions
  Dowan (D:6)
  11 killer bees
  3 wights (D:10)
  An electric eel (Lair:4)
  9 howler monkeys
  3 bullfrog zombies
  A lava snake (Lair:6)
  7 centaur zombies
  5 hounds
  8 jellies
  A centaur skeleton (D:5)
  15 orc priests
  6 iguanas
  22 orc wizards
  2 killer bee zombies (D:6)
  A hound skeleton (D:4)
  A howler monkey zombie (D:9)
  13 gnolls (Bailey)
  4 adders
  3 shadow imps
  11 white imps
  4 ufetubi (IceCv)
  An adder skeleton (D:5)
  A worm (D:6)
  2 dart slugs
  74 orcs
  4 bats
  11 endoplasms
  A giant cockroach (D:2)
  12 goblins
  18 hobgoblins
  5 jackals (D:1)
  2 quokkas
  5 ball pythons
  4 frilled lizards
  22 kobolds
  3 rats
  4 bushes
550 creatures vanquished.

Vanquished Creatures (collateral kills)
  A hydra (D:11)
1 creature vanquished.

Vanquished Creatures (others)
  4 white imps (IceCv)
  4 ufetubi (IceCv)
  A bush (Lair:6)
  149 foxfires
  25 fungi
  114 plants
297 creatures vanquished.

Grand Total: 848 creatures vanquished

Notes
Turn   | Place    | Note
-------+----------+-------------------------------------------
     0 | D:1      | dickylongcocking the Djinni Fire Elementalist began the
                  | quest for the Orb.
     0 | D:1      | Reached XP level 1. HP: 15/15 MP: 0/0
   187 | D:1      | Reached XP level 2. HP: 13/21 MP: 0/0
   301 | D:1      | Found Feewion's General Store.
  1401 | D:2      | Found a stormy altar of Qazlal.
  1408 | D:2      | Reached XP level 3. HP: 24/25 MP: 0/0
  1408 | D:2      | Learned a level 1 spell: Shock
  1669 | D:2      | Reached skill level 1 in Fighting
  1939 | D:2      | Reached XP level 4. HP: 28/32 MP: 0/0
  2505 | D:2      | Found a hide-covered altar of Uskayaw.
  3226 | D:3      | Found a sacrificial altar of Ru.
  3335 | D:3      | Reached XP level 5. HP: 17/39 MP: 0/0
  3335 | D:3      | Learned a level 2 spell: Poisonous Vapours
  3913 | D:4      | Found a staircase to the Ecumenical Temple.
  4207 | Temple   | Entered the Ecumenical Temple
  4414 | D:4      | Reached XP level 6. HP: 38/46 MP: 0/0
  4720 | D:4      | Found Cazet's Book Boutique.
  5277 | D:5      | Entered Level 5 of the Dungeon
  5277 | D:5      | Noticed a sky beast
  5561 | D:5      | Found Zotir's Book Shoppe.
  5863 | D:5      | Found an opulent altar of Gozag.
  5864 | D:5      | Found a burning altar of Makhleb.
  5870 | D:5      | Became a worshipper of Makhleb the Destroyer
  5885 | D:5      | Reached skill level 5 in Spellcasting
  5889 | D:5      | Reached XP level 7. HP: 37/53 MP: 0/0
  5889 | D:5      | Learned a level 3 spell: Dazzling Flash
  6430 | D:5      | Reached skill level 5 in Fighting
  6580 | D:5      | Reached XP level 8. HP: 33/60 MP: 0/0
  8048 | D:6      | Noticed Duvessa
  8052 | D:6      | Noticed Dowan
  8056 | D:6      | Killed Dowan
  8059 | D:6      | Killed Duvessa
  8412 | D:6      | Reached XP level 9. HP: 53/68 MP: 0/0
  8412 | D:6      | Learned a level 3 spell: Static Discharge
  8713 | D:6      | Noticed Pikel
  8723 | D:6      | Killed Pikel
  9245 | D:6      | Found a snail-covered altar of Cheibriados.
  9405 | D:6      | Reached * piety under Makhleb
 10492 | D:7      | Reached skill level 1 in Armour
 10492 | D:7      | Reached skill level 1 in Shields
 10759 | D:7      | Reached XP level 10. HP: 31/78 MP: 0/0
 11558 | D:7      | Noticed Menkaure
 11560 | D:7      | Killed Menkaure
 11731 | D:7      | Found a glowing silver altar of Zin.
 13475 | D:8      | Noticed a two-headed ogre
 13483 | D:8      | Killed a two-headed ogre
 13484 | D:8      | Reached skill level 5 in Dodging
 13919 | D:9      | Reached ** piety under Makhleb
 13926 | D:9      | Reached skill level 5 in Armour
 14570 | D:9      | Found Peonk's General Store.
 15046 | D:9      | Found a basalt altar of Yredelemnul.
 15046 | D:9      | Found a shadowy altar of Dithmenos.
 15181 | D:9      | Found a staircase to the Orcish Mines.
 15643 | D:10     | Entered Level 10 of the Dungeon
 15659 | D:10     | Reached XP level 11. HP: 43/84 MP: 0/0
 15659 | D:10     | Learned a level 5 spell: Silence
 16586 | D:10     | Found a white marble altar of Elyvilon.
 16850 | D:11     | Reached *** piety under Makhleb
 17284 | D:11     | Noticed a two-headed ogre
 17288 | D:11     | Killed a two-headed ogre
 17289 | D:11     | Found a flagged portal.
 17307 | Bailey   | Entered a bailey
 17989 | Bailey   | Noticed an orc knight
 18168 | Bailey   | Killed an orc knight
 18379 | Bailey   | Identified a scroll of acquirement
 18379 | Bailey   | Acquired a manual of Evocations
 18396 | D:11     | Reached **** piety under Makhleb
 18537 | D:11     | Noticed a five-headed hydra
 18547 | D:11     | Killed a six-headed hydra
 18548 | D:11     | Reached skill level 1 in Evocations
 18849 | D:11     | Found a staircase to the Lair.
 19614 | Lair:1   | Entered Level 1 of the Lair of Beasts
 20512 | Lair:2   | Reached XP level 12. HP: 70/89 MP: 0/0
 20731 | Lair:2   | Identified the +1 robe "Ybikoush" {rC+ Will+}
 20843 | Lair:2   | Reached skill level 1 in Long Blades
 20939 | Lair:2   | Found a staircase to the Swamp.
 21118 | Lair:2   | Reached ***** piety under Makhleb
 21745 | Lair:3   | Reached skill level 5 in Evocations
 22941 | Lair:3   | Found a hole to the Spider Nest.
 23216 | Lair:3   | Reached skill level 10 in Spellcasting
 23490 | Lair:3   | Noticed a six-headed hydra
 23503 | Lair:3   | Killed a six-headed hydra
 23987 | Lair:3   | Noticed a seven-headed hydra
 23995 | Lair:3   | Killed a seven-headed hydra
 24458 | Lair:4   | Reached skill level 5 in Stealth
 24717 | Lair:4   | Reached XP level 13. HP: 54/94 MP: 0/0
 24717 | Lair:4   | Learned a level 5 spell: Lee's Rapid Deconstruction
 25497 | Lair:4   | Identified the +4 ring mail "Zagrepn" {Str+2}
 25936 | Lair:4   | Reached skill level 10 in Armour
 27018 | Lair:5   | Identified the +4 bardiche of the Desolation of Salt
                  | {freeze, *Rage +Blink rC+ rN+}
 27060 | Lair:6   | Entered Level 6 of the Lair of Beasts
 27073 | Lair:6   | Reached skill level 5 in Long Blades
 27347 | Lair:6   | Reached XP level 14. HP: 95/101 MP: 0/0
 27397 | Lair:6   | Found a runed translucent door.
 27398 | Lair:6   | Found a viscous altar of Jiyva.
 27400 | Lair:6   | Found a staircase to the Slime Pits.
 27423 | Lair:6   | Reached skill level 10 in Evocations
 27451 | Lair:6   | Found a frozen archway.
 27461 | IceCv    | Entered an ice cave
 27514 | IceCv    | Reached ****** piety under Makhleb
 27982 | IceCv    | Noticed a reaper
 27992 | IceCv    | Killed a reaper
 29136 | D:5      | Bought a manual of Shields for 1214 gold pieces
 29260 | Orc:1    | Entered Level 1 of the Orcish Mines
 29265 | Orc:1    | Noticed Fannar
 29270 | Orc:1    | Reached skill level 5 in Shields
 29996 | D:9      | Killed Fannar
 30503 | Orc:1    | Noticed Maurice
 30522 | Orc:1    | Killed Maurice
 30798 | Orc:2    | Entered Level 2 of the Orcish Mines
 30959 | Orc:2    | Found Donwev's Armour Shoppe.
 31107 | Orc:2    | HP: 7/151 [+7 Singing Sword {vorpal, sonic wave} (3)]
 31107 | Orc:2    | Killed from afar by a +7 Singing Sword {vorpal, sonic wave}

Illustrated notes

Levels and vault maps discovered:
D:1:      minmay_arrival_split_and_join, layout_loops_cross, serial_shops, shop,
          feat_on_display
D:2:      layout_basic, nicolae_overflow_hidden_temple,
          nicolae_overflow_crystal_walls, wad_floor_pattern_2
D:3:      layout_loops_ring, lemuel_round_altar
D:4:      layout_loops_ring, minmay_temple_entry_glass, serial_shops,
          kennysheep_mini_moat, chequers_serial_rivers_large_b
D:5:      minmay_inner_zag, layout_basic, overflow_temple_1_default,
          grunt_temple_overflow_open, serial_shops, shop
D:6:      layout_loops_ring, cheibrodos_worm_habitat, uniq_pikel, uniq_duvessa
D:7:      layout_cave_pods, lemuel_crystal_altar, corexii_checkpoint_a,
          uniq_menkaure
D:8:      layout_gridville
D:9:      layout_layer_cave, gammafunk_temple_overflow_statue, erik_orc_1,
          serial_shops, nicolae_shop_crystal
D:10:     layout_rooms, basic_altar
D:11:     layout_roguey, lair_entry_dummy, enter_bailey_5, special_room
          [special_room_orc]
Temple:   hc_temple_tempest_star
Lair:1:   layout_chaotic_city, st_stairs_5, infiniplex_staircase_pool_2
Lair:2:   layout_loops_ring, swamp_mist
Lair:3:   layout_regular_city, spider_nest_entry_rubble,
          grunt_forest_large_clearing_hut, grunt_megastairs_5
Lair:4:   layout_cave_shapes, serial_bayou_shore_a
Lair:5:   layout_long_grid, chequers_serial_rivers_marsh,
          infiniplex_staircase_pool
Lair:6:   gammafunk_lair_ancient_temple, layout_gridlike, slime_altar_2,
          portal_ice_cave_entry_pillars_2, serial_forest,
          infiniplex_forest_pool, infiniplex_forest_end_double,
          infiniplex_forest_zigzag_2, infiniplex_forest_corner_2,
          infiniplex_forest_lined_room_2, infiniplex_forest_clump_cross,
          infiniplex_forest_clump_cross, infiniplex_forest_end_1,
          infiniplex_forest_lined_2, minivault_23
Orc:1:    layout_caves, basic_altar, uniq_maurice, uniq_fannar
Orc:2:    grunt_orc_community_town_hall, layout_caves,
          grunt_orc_community_big_house_2, grunt_orc_community_big_house_2,
          grunt_orc_community_house_2, grunt_orc_community_house_3,
          grunt_orc_community_house_3, grunt_orc_community_house_2,
          grunt_orc_community_house_2, serial_shops, shop, nicolae_shop_trees,
          shop, ebering_ghost_gozag, sword_in_stone

Skill      XL: |  1  2  3  4  5  6  7  8  9 10 11 12 13 14 |
---------------+-------------------------------------------+-----
Spellcasting   | 3 4 5 7 8 9 10 11 | 11.2
Fighting       | 1 2 3 4 5 7 9 |  9.3
Armour         | 1 6 8 9 10 11 | 11.0
Shields        | 2 4 9 |  9.4
Dodging        | 3 6 8 9 |  9.9
Stealth        | 3 5 6 7 |  7.4
Evocations     | 3 7 9 11 | 11.0
Long Blades    | 3 5 6 |  6.1

Action                   |  1- 3 |  4- 6 |  7- 9 | 10-12 | 13-15 || total
-------------------------+-------+-------+-------+-------+-------++-------
Melee: Dagger            |    17 |    28 |       |       |       ||    45
       Unarmed           |       |     2 |       |       |       ||     2
       Short sword       |       |    13 |    33 |       |       ||    46
       Long sword        |       |       |    55 |   144 |    43 ||   242
       Staff             |       |       |       |    48 |   110 ||   158
 Cast: Foxfire           |    48 |    40 |    18 |       |     2 ||   108
       Shock             |    19 |    47 |    14 |    23 |    12 ||   115
       Poisonous Vapours |       |    12 |    42 |    68 |    45 ||   167
       Inner Flame       |       |       |     8 |    33 |    41 ||    82
       Sticky Flame      |       |       |    10 |   106 |   127 ||   243
       Fireball          |       |       |     9 |    41 |    49 ||    99
       Static Discharge  |       |       |       |    10 |    12 ||    22
       Conjure Flame     |       |       |       |     1 |       ||     1
       Lee's Rapid Decon |       |       |       |       |     8 ||     8
       Dazzling Flash    |       |       |       |       |     1 ||     1
Evoke: Wand              |       |       |       |     1 |    12 ||    13
  Use: Potion            |       |     1 |       |     4 |     6 ||    11
       Scroll            |       |       |     4 |    14 |    10 ||    28
 Stab: Sleeping          |     2 |     3 |     2 |     1 |       ||     8
Armor: Robe              |     9 |    21 |    54 |       |       ||    84
       Skin              |       |     3 |       |       |       ||     3
       Steam dragon scal |       |       |     3 |    19 |       ||    22
       Ring mail         |       |       |       |   144 |   129 ||   273
Dodge: Dodged            |    32 |    62 |    92 |   321 |   283 ||   790
Block: Buckler           |       |       |     4 |   128 |    95 ||   227
       Kite shield       |       |       |       |       |    81 ||    81
       Rpst.: Long sword |       |       |    20 |    45 |    10 ||    75

Table legend: (Time is in decaauts)
 A = Elapsed time spent in this place.
 B = Non-inter-level travel time spent in this place.
 C = Inter-level travel time spent in this place.
 D = Time resting spent in this place.
 E = Time spent auto-exploring this place.
 F = Levels seen in this place.
 G = Mean time per level.
                   A        B        C        D        E       F      G
               +--------+--------+--------+--------+--------+-----+--------+
         Total |  31242 |  29976 |   1266 |  10108 |  15633 |  22 | 1420.1 |
       Dungeon |  19917 |  18950 |    967 |   5951 |  10915 |  11 | 1810.6 |
        Temple |    116 |    112 |      4 |      0 |     92 |   1 |  116.0 |
          Lair |   8742 |   8465 |    277 |   3074 |   4046 |   6 | 1457.0 |
  Orcish Mines |    713 |    696 |     17 |    170 |    264 |   2 |  356.5 |
        Bailey |   1087 |   1087 |      0 |    629 |    261 |   1 | 1087.0 |
      Ice Cave |    664 |    664 |      0 |    284 |     55 |   1 |  664.0 |
               +--------+--------+--------+--------+--------+-----+--------+

Top non-repeatable levels by time:
  Lair:3: 3146 daAuts
     D:9: 2901 daAuts
     D:5: 2529 daAuts
     D:6: 2482 daAuts
     D:8: 2203 daAuts
     D:7: 1655 daAuts
     D:4: 1566 daAuts
  Lair:2: 1564 daAuts
    D:11: 1481 daAuts
     D:2: 1435 daAuts
     D:1: 1400 daAuts
    D:10: 1225 daAuts
  Lair:6: 1159 daAuts
  Lair:5: 1122 daAuts
  Bailey: 1087 daAuts
